 Dungeon Crawl Stone Soup version 0.30-b1-2-g02819fbbbe (webtiles) character file.

Game seed: 13934059200219297422

717 sanka the Magician (level 8, -8/56 HPs)
             Began as a Djinni Fighter on May 15, 2023.
             Was a Follower of Makhleb.
             Mangled by an orc warrior
             ... wielding a +0 dire flail
              (10 damage)
             ... on level 5 of the Dungeon.
             The game lasted 00:08:31 (4813 turns).

sanka the Magician (Djinni Fighter)                 Turns: 4813, Time: 00:08:32

Health: -8/56      AC:  8    Str: 15    XL:     8   Next: 1%
Gold:   80         EV:  9    Int: 14    God:    Makhleb [*.....] SH:  5 Dex: 14

rFire   + + +        a - +2 dagger (drain)
rCold   . . .        s - +0 buckler
rNeg    + . .        x - +2 ring mail {rC+}
rPois   ∞            y - +0 helmet {Int+3}
rElec   .            (no cloak)
rCorr   .            (no gloves)
SInv    .            (boots unavailable)
Will    .....        (no amulet)
Stlth   +            i - ring of positive energy
HPRegen 0.29/turn    t - ring of protection from fire
MPRegen 0.00/turn

%: infuse magic (-9 HP)
@: mighty, flying
A: sickness immunity, fire resistance 2, cold vulnerability 1, float, innate
caster, HP casting, extra vitality 1
a: Renounce Religion


You were on level 5 of the Dungeon.
You worshipped Makhleb.
Makhleb was aware of your devotion.
You visited 1 branch of the dungeon, and saw 5 of its levels.

You collected 230 gold pieces.
You spent 150 gold pieces at shops.

Inventory:

Hand Weapons
 a - a +2 dagger of draining (weapon)
 b - a +4 hand axe
 w - a +0 dagger of venom
Armour
 n - a +0 helmet
 s - a +0 buckler (worn)
 x - a +2 ring mail of cold resistance (worn)
 y - a +0 helmet of intelligence (worn)
Magical Staves
 z - a staff of earth
Jewellery
 i - a ring of positive energy (left hand)
 q - a ring of fire
 t - a ring of protection from fire (right hand)
Wands
 r - a wand of flame (12)
Scrolls
 d - 3 scrolls of noise {unknown}
 e - 2 scrolls of vulnerability {unknown}
 f - 4 scrolls of identify {unknown}
 g - a scroll of enchant armour {unknown}
 h - 2 scrolls of enchant weapon {unknown}
 l - a scroll of blinking {unknown}
 m - a scroll of immolation {unknown}
 u - a scroll of amnesia {unknown}
 v - 2 scrolls of teleportation {unknown}
Potions
 j - a potion of attraction {!q}
 k - 2 potions of curing {@q1}
 o - a potion of magic {unknown}


   Skills:
 - Level 3.0 Fighting
 - Level 3.0 Armour
 - Level 3.0 Shields
 - Level 4.1 Unarmed Combat
 + Level 5.4 Spellcasting


You knew the following spells:

 Your Spells              Type           Power      Damage    Failure   Level
a - Magic Dart            Conj           76%        1d6       4%          1
b - Call Imp              Summ           38%        N/A       7%          2
c - Dazzling Flash        Conj/Hex       38%        N/A       14%         3
Your spell library was empty.

Dungeon Overview and Level Annotations

Branches:
Dungeon (5/15)             Temple (0/1) D:5

Altars:
Ashenzari
Makhleb
Qazlal

Shops:
D:4 [


Innate Abilities, Weirdness & Mutations

You are immune to sickness and miasma.
You are immune to poison.
Your flesh is very heat resistant. (rF++)
You are vulnerable to cold. (rC-)
You float through the air rather than walking.
You learn spells naturally, not from books.
Your magical power is your life essence.
You have superior vitality. (+4 MHP)


Message History

Unknown command.
You hit the orc priest.
The orc priest is almost dead.
The orc priest mumbles some strange prayers to Beogh against you.
Beogh smites you!
* * * LOW HITPOINT WARNING * * *
You block the orc warrior's attack.
Unknown command.
The orc warrior attacks as you move away!
You block the orc warrior's attack.
You hit the orc priest.
You kill the orc priest!
Makhleb accepts your kill.
The orc warrior hits you with a +0 dire flail.
* * * LOW HITPOINT WARNING * * *
You have reached level 8!
You feel agile.
You feel better.
The orc warrior hits you with a +0 dire flail.
* * * LOW HITPOINT WARNING * * *
You feel very mighty all of a sudden. You block the orc warrior's attack.
Unknown command.
You hit the orc warrior.
The orc warrior is moderately wounded.
The orc warrior hits you with a +0 dire flail!
* * * LOW HITPOINT WARNING * * *
Unknown command.
You hit the orc warrior.
The orc warrior is moderately wounded.
The orc warrior completely misses you.
The orc wizard hits you but does no damage.
Unknown command.
You hit the orc warrior but do no damage.
You drain the orc warrior.
The orc warrior is heavily wounded.
The orc wizard hits you with a +0 dagger.
* * * LOW HITPOINT WARNING * * *
The orc warrior hits you with a +0 dire flail!
You die...

#.................
#####.............
##..............
##...............
#.######.........
### ##.........
##oo#.......
#oo###.o... #@##
..... #.## ....
... ... #..# o..
##. ##


You could see an orc warrior (very drained), an orc wizard (very drained) and 2
orcs.

Vanquished Creatures
  2 black bears
  5 hounds
  A jelly (D:5)
  A gnoll bouda (D:5)
  2 orc priests (D:5)
  A sleepcap (D:4)
  An iguana (D:3)
  An orc wizard (D:4)
  Robin (D:2)
  6 adders
  A white imp (D:5)
  2 ufetubi
  A worm (D:2)
  A dart slug (D:1)
  11 orcs
  5 ball pythons
  3 endoplasms
  2 giant cockroaches
  13 goblins
  7 hobgoblins
  8 jackals
  6 quokkas
  7 bats
  2 frilled lizards (D:1)
  5 kobolds
  2 rats (D:1)
97 creatures vanquished.

Notes
Turn   | Place    | Note
-------+----------+-------------------------------------------
     0 | D:1      | sanka the Djinni Fighter began the quest for the Orb.
     0 | D:1      | Reached XP level 1. HP: 20/20 MP: 0/0
   147 | D:1      | Reached XP level 2. HP: 18/25 MP: 0/0
   421 | D:1      | Reached XP level 3. HP: 26/30 MP: 0/0
   421 | D:1      | Learned a level 1 spell: Magic Dart
   963 | D:2      | Noticed Robin
  1133 | D:2      | Reached XP level 4. HP: 33/35 MP: 0/0
  1226 | D:1      | Reached skill level 1 in Spellcasting
  1279 | D:2      | Killed Robin
  1641 | D:2      | Reached XP level 5. HP: 36/40 MP: 0/0
  1641 | D:2      | Learned a level 2 spell: Call Imp
  1736 | D:2      | Found a faded altar of an unknown god.
  1739 | D:2      | Prayed at the altar of an unknown god.
  1739 | D:2      | Became a worshipper of Makhleb the Destroyer
  1739 | D:2      | Reached * piety under Makhleb
  2211 | D:3      | Found a broken altar of Ashenzari.
  2495 | D:3      | Noticed a black bear
  2612 | D:3      | Killed a black bear
  2613 | D:3      | Reached skill level 2 in Spellcasting
  2613 | D:3      | Reached XP level 6. HP: 25/46 MP: 0/0
  2869 | D:3      | Reached skill level 3 in Spellcasting
  3274 | D:4      | Noticed a black bear
  3302 | D:4      | Killed a black bear
  3303 | D:4      | Reached skill level 4 in Spellcasting
  3303 | D:4      | Reached XP level 7. HP: 3/50 MP: 0/0
  3303 | D:4      | Learned a level 3 spell: Dazzling Flash
  3506 | D:4      | Found Gufir's Antique Armour Shoppe.
  3509 | D:4      | Bought a shiny helmet for 150 gold pieces
  3542 | D:4      | Found a stormy altar of Qazlal.
  3917 | D:5      | Entered Level 5 of the Dungeon
  4264 | D:5      | Found a staircase to the Ecumenical Temple.
  4343 | D:5      | Reached skill level 5 in Spellcasting
  4808 | D:5      | Reached XP level 8. HP: 13/56 MP: 0/0
  4813 | D:5      | HP: 2/56 [orc wizard/+0 dagger (2)]
  4813 | D:5      | Mangled by an orc warrior

Illustrated notes

Levels and vault maps discovered:
D:1:      dpeg_arrival_tiny_k, layout_rooms, serial_glass, glass_columns_b,
          glass_columns_a, minmay_misc_feat_tiny
D:2:      layout_basic, hellmonk_ecumenical_altar_defaced_shrine, nrook_uturn,
          hangedman_decor_lopped, uniq_robin
D:3:      layout_loops_ring, ashenzari_altar_1
D:4:      layout_loops_ring, nicolae_qazlal_scattered_showers, serial_shops,
          nicolae_shop_tiny_real_fake_doors, st_stairs_8,
          amcnicky_mini_rare_corridor_liquid
D:5:      kennysheep_spiral_hall, layout_layer_cave, minmay_temple_entry_tees

Skill      XL: |  1  2  3  4  5  6  7 |
---------------+----------------------+-----
Unarmed Combat | 3 4 |  4.1
Spellcasting   | 1 2 4 5 |  5.4
Fighting       | |  3.0
Armour         | |  3.0
Shields        | |  3.0

Action                     |  1- 3 |  4- 6 |  7- 9 || total
---------------------------+-------+-------+-------++-------
  Melee: Unarmed           |   164 |   103 |       ||   267
         Dagger            |       |   101 |   149 ||   250
         Hand axe          |       |    12 |       ||    12
   Cast: Magic Dart        |       |       |     4 ||     4
    Use: Potion            |       |       |     7 ||     7
 Armour: Scale mail        |    69 |    64 |       ||   133
         Ring mail         |       |    55 |    60 ||   115
  Dodge: Dodged            |    69 |   108 |    68 ||   245
  Block: Buckler           |    37 |    48 |    31 ||   116
